 Dungeon Crawl Stone Soup version 0.16.1-16-gc44b35d (webtiles) character file.

201 frag the Ducker (level 5, -1/46 HPs)
             Began as a Draconian Fighter on Apr 17, 2015.
             Was an Initiate of the Shining One.
             Killed from afar by Natasha (6 damage)
             ... with a magic dart
             ... on level 4 of the Dungeon.
             The game lasted 00:12:23 (2762 turns).

frag the Ducker (Draconian Fighter)                 Turns: 2762, Time: 00:12:23

Health: -1/46      AC:  8    Str: 24    XL:     5   Next: 50%
Magic:  5/5        EV: 11    Int:  8    God:    the Shining One [......]
Gold:   139        SH: 10    Dex: 11    Spells: 0 memorised, 4 levels left

rFire  . . .     SeeInvis .     o - +2 dagger (speed)
rCold  . . .     Clarity  +     (armour unavailable)
rNeg   . . .     SustAb   .     c - +0 shield
rPois  .         Gourm    .     (helmet restricted)
rElec  .         Spirit   .     (no cloak)
rCorr  .         Warding  .     b - +1 pair of gloves
rMut   .         Stasis   .     d - +0 pair of boots
MR     .....                    n - amulet of clarity
Stlth  +.........               (no ring)
                                (no ring)

@: mighty, not resistant to hostile enchantments, very unstealthy
A: unfitting armour, cold-blooded, AC +5
a: Renounce Religion


You were on level 4 of the Dungeon.
You worshipped the Shining One.
The Shining One was noncommittal.
You were hungry.

You visited 1 branch of the dungeon, and saw 4 of its levels.

You collected 139 gold pieces.

Inventory:

Hand weapons
 a - a +0 long sword
 o - a +2 dagger of speed (weapon)
 p - a +0 short sword of flaming
Armour
 b - a +1 pair of gloves (worn)
 c - a +0 shield (worn)
 d - a +0 pair of boots (worn)
Jewellery
 n - an amulet of clarity (around neck)
Scrolls
 h - a scroll of magic mapping
 l - 2 scrolls of remove curse
 m - a scroll of immolation
 r - 3 scrolls of amnesia {unknown}
 s - a scroll of identify
 t - a scroll of blinking {unknown}
 y - a scroll of fog {unknown}
 A - a scroll of fear
Potions
 e - a potion of might
 g - a potion of magic {unknown}
 k - a potion of heal wounds {unknown}
 q - a potion of haste {unknown}
 u - a potion of poison {unknown}
 w - a potion of restore abilities {unknown}
 x - a potion of curing {unknown}
 z - a potion of flight {unknown}
Comestibles
 f - 3 bread rations
 i - a beef jerky
 j - 2 meat rations


   Skills:
 + Level 3.9 Fighting
 + Level 0.2(1.6) Short Blades
 + Level 2.7 Long Blades
 + Level 4.3 Dodging
 + Level 4.1 Shields


You had 4 spell levels left.
You didn't know any spells.

Dungeon Overview and Level Annotations

Branches:
Dungeon (4/15)
 Temple: D:4-7

Altars:
Cheibriados
Kikubaaqudgha
The Shining One

Annotations:
D:4 Natasha


Innate Abilities, Weirdness & Mutations

Your plain brown scales are hard (AC +5).
Your body does not fit into most forms of armour.
Your cold-blooded metabolism reacts poorly to cold.


Message History

You hit Natasha.
Natasha is severely wounded.
Natasha barely misses you.
You hit Natasha.
Natasha is almost dead.
Natasha casts a spell at you. The magic dart hits you!
You block the iron imp's attack.
You hit Natasha.
You tail-slap Natasha, but do no damage.
Natasha is almost dead.
Natasha casts a spell at you. The magic dart hits you!
* * * LOW HITPOINT WARNING * * *
The iron imp hits you!
* * * LOW HITPOINT WARNING * * *
Drink which item? (? for menu, Esc to quit)
You feel very mighty all of a sudden.
Natasha stares at you and mumbles some strange words.
The magic dart hits you!
You die...

# ###### ...#######
##....###..........
..#+##........[ #......
.............#### #...
..$.............#####...
.................##....##
........@h.......##.##.##
........5........##†#...#
#.................).._..
#...#########.....##...#
... ....#.....###.## .
.#.>.#.....# #...
....#...... ..##
######.........#
........#.#


You could see an iron imp and Natasha.

Vanquished Creatures
  A centaur skeleton (D:4)
  2 worker ants (D:4)
  A hound skeleton (D:4)
  2 adders
  A worm (D:2)
  An ooze (D:4)
  7 orcs
  4 giant cockroaches
  8 goblins
  13 hobgoblins
  2 quokkas
  11 bats
  3 giant geckos
  5 giant newts
  9 jackals
  7 kobolds
  A quokka skeleton (D:4)
  12 rats
90 creatures vanquished.

Notes
Turn   | Place    | Note
--------------------------------------------------------------
     0 | D:1      | frag, the Draconian Fighter, began the quest for the Orb.
     0 | D:1      | Reached XP level 1. HP: 19/19 MP: 1/1
   184 | D:1      | Reached XP level 2. HP: 16/26 MP: 2/2
   250 | D:1      | HP: 1/26 [jackal (3)]
   793 | D:2      | Reached XP level 3. HP: 30/33 MP: 3/3
   945 | D:2      | Found a glowing golden altar of the Shining One.
   947 | D:2      | Found a snail-covered altar of Cheibriados.
  1342 | D:2      | Reached XP level 4. HP: 37/40 MP: 4/4
  2087 | D:2      | Became a worshipper of the Shining One
  2557 | D:4      | Reached skill level 4 in Dodging
  2557 | D:4      | Reached XP level 5. HP: 46/46 MP: 5/5
  2658 | D:4      | Found an ancient bone altar of Kikubaaqudgha.
  2730 | D:4      | Noticed Natasha
  2762 | D:4      | Killed from afar by Natasha

Action                   |  1- 3 |  4- 6 || total
-------------------------+-------+-------++-------
Melee: Long sword        |   185 |    84 ||   269
       Dagger            |       |    79 ||    79
  Use: Scroll            |     6 |     3 ||     9
       Potion            |       |     1 ||     1
  Eat: Chunk             |     2 |     4 ||     6
